 Dungeon Crawl Stone Soup version 0.18.1-5-g4a78601 (webtiles) character file.

1985 CrazyArbalest the Quickloader (level 9, 0/71 HPs)
             Began as a Minotaur Hunter on May 14, 2016.
             Was a Believer of Okawaru.
             Slain by a brown ugly thing (15 damage)
             ... on level 6 of the Dungeon.
             The game lasted 00:24:54 (6591 turns).

CrazyArbalest the Quickloader (Minotaur Hunter)     Turns: 6591, Time: 00:24:54

Health: 0/71       AC:  9    Str: 23    XL:     9   Next: 1%
Magic:  8/8        EV: 14    Int:  8    God:    Okawaru [**....]
Gold:   413        SH:  0    Dex: 13    Spells: 0 memorised, 8 levels left

rFire  . . .     SeeInvis .     b - +1 hand crossbow
rCold  . . .     Gourm    .     C - +3 leather armour
rNeg   . . .     Faith    .     (no shield)
rPois  .         Spirit   .     (helmet restricted)
rElec  .         Dismiss  .     u - +0 cloak
rCorr  .         Reflect  .     (no gloves)
SustAt .         Harm     .     x - +0 pair of boots
MR     .....                    (no amulet)
Stlth  +.........               (no ring)
                                D - ring of flight

@: mighty, very slightly contaminated, not resistant to hostile enchantments,
very unstealthy
A: retaliatory headbutt, horns 2
a: Heroism, Renounce Religion, Evoke Flight


You were on level 6 of the Dungeon.
You worshipped Okawaru.
Okawaru was pleased with you.
You were not hungry.

You visited 2 branches of the dungeon, and saw 7 of its levels.

You collected 413 gold pieces.

Inventory:

Hand Weapons
 a - a +0 whip of electrocution
 b - a +1 hand crossbow (weapon)
 K - a -3 flail
 L - a cursed +0 flail
Missiles
 d - 55 bolts (quivered)
Armour
 c - a +0 leather armour
 g - a +0 chain mail
 u - a +0 cloak (worn)
 w - a +0 pair of boots
 x - a +0 pair of boots (worn)
 C - a +3 leather armour (worn)
Jewellery
 D - a ring of flight (left hand)
Wands
 v - a wand of acid (0/15)
Scrolls
 j - 2 scrolls of enchant armour
 k - a scroll of blinking
 l - 2 scrolls of immolation {unknown}
 o - a scroll of remove curse
 p - 2 scrolls of enchant weapon {unknown}
 s - 3 scrolls of amnesia
 y - a scroll of fog {unknown}
 B - a scroll of magic mapping {unknown}
 E - a scroll of recharging {unknown}
 G - 2 scrolls of identify
 J - a scroll of teleportation {unknown}
Potions
 e - a potion of cancellation {unknown}
 i - 3 potions of flight {unknown}
 m - a potion of beneficial mutation {unknown}
 n - 4 potions of might
 r - 3 potions of curing
 t - a potion of heal wounds {unknown}
 z - a potion of magic {unknown}
 F - a potion of brilliance {unknown}
 I - a potion of haste {unknown}
Comestibles
 f - 4 bread rations
 h - 2 royal jellies
 q - a beef jerky
 A - 16 fruits
 H - a chunk of flesh


   Skills:
 + Level 3.7 Fighting
 * Level 5.5 Maces & Flails
 * Level 10.2 Crossbows
 + Level 4.9 Armour
 + Level 4.9 Dodging
 + Level 1.4 Stealth


You had 8 spell levels left.
You didn't know any spells.

Dungeon Overview and Level Annotations

Branches:
Dungeon (6/15)             Temple (1/1) D:5

Altars:
Ashenzari
Cheibriados
Dithmenos
Elyvilon
Fedhas
Gozag
Makhleb
Nemelex Xobeh
Okawaru
Pakellas
Qazlal
Ru
Sif Muna
Trog
Vehumet
Xom
Yredelemnul
Zin
The Shining One


Innate Abilities, Weirdness & Mutations

You reflexively headbutt those who attack you in melee.
You have a pair of horns on your head.


Message History

Aim: a brown ugly thing (moderately wounded)
You shoot a bolt.
The bolt closely misses the brown ugly thing.
Firing (i - inventory):
d - 58 bolts (quivered)
Press: ? - help, Shift-Dir - straight line, f/p - brown ugly thing
Aim: a brown ugly thing (moderately wounded)
You shoot a bolt.
The bolt completely misses the brown ugly thing.
Firing (i - inventory):
d - 57 bolts (quivered)
Press: ? - help, Shift-Dir - straight line, f/p - brown ugly thing
Aim: a brown ugly thing (moderately wounded)
You shoot a bolt. The bolt hits the brown ugly thing!
The brown ugly thing is heavily wounded.
Firing (i - inventory):
d - 56 bolts (quivered)
Press: ? - help, Shift-Dir - straight line, f/p - brown ugly thing
Aim: a brown ugly thing (heavily wounded)
You shoot a bolt. The bolt hits the brown ugly thing!
The brown ugly thing is severely wounded.
The brown ugly thing claws you!
You die...

..........## #.....# ..#.#.#.#..#
#.....# ...........# #....<#
##+##...(..######## #.....#
#...###'###.##....# #.....#
..................######.....#
..................#..........#
.................<'..........#
............##..@.#..........#
.....##.....##...u#..........#.
.....####'####....(.....#'####.
.....##...........#(....'....#.#
#######...........#.....#....#..#
#......##....#.....#....#...
#......#######..(..####'###(
#............#...(....((....
#............######.........


You could see a brown ugly thing.

Vanquished Creatures
  Sigmund (D:5)
  A phantom (D:4)
  A sky beast (D:4)
  An orc warrior (D:4)
  3 ogres
  An eye of draining (D:5)
  2 centaurs
  2 giant frogs (D:6)
  2 scorpions
  A howler monkey (D:4)
  3 crimson imps
  A jelly (D:6)
  3 orc wizards (D:4)
  A centaur skeleton (D:5)
  2 giant frog skeletons
  2 orc priests
  A hound (D:4)
  Jessica (D:2)
  Natasha (D:3)
  4 worker ants
  A hound zombie (D:5)
  A hound skeleton (D:6)
  8 gnolls (D:6)
  7 adders
  A shadow imp (D:6)
  2 oozes
  2 worms
  A dart slug (D:1)
  3 giant geckos
  11 orcs
  2 ball pythons
  6 bats
  6 giant cockroaches
  9 hobgoblins
  8 jackals
  9 kobolds
  2 quokkas
  4 giant newts
  12 goblins
  7 rats
136 creatures vanquished.

Vanquished Creatures (others)
  2 butterflies (D:5)
2 creatures vanquished.

Grand Total: 138 creatures vanquished

Notes
Turn   | Place    | Note
--------------------------------------------------------------
     0 | D:1      | CrazyArbalest the Minotaur Hunter began the quest for the Orb.
     0 | D:1      | Reached XP level 1. HP: 18/18 MP: 0/0
   140 | D:1      | Reached XP level 2. HP: 24/25 MP: 1/1
   213 | D:1      | Reached skill level 5 in Crossbows
   563 | D:1      | Reached XP level 3. HP: 30/30 MP: 2/2
  1161 | D:1      | Reached skill level 1 in Armour
  1319 | D:2      | Reached skill level 1 in Maces & Flails
  1414 | D:2      | Reached XP level 4. HP: 37/37 MP: 3/3
  1470 | D:2      | Noticed Jessica
  1476 | D:2      | Killed Jessica
  2283 | D:3      | Reached XP level 5. HP: 45/45 MP: 4/4
  2752 | D:3      | Found a basalt altar of Yredelemnul.
  2752 | D:3      | Found a shadowy altar of Dithmenos.
  2753 | D:3      | Found a blossoming altar of Fedhas.
  2776 | D:3      | Noticed Natasha
  2782 | D:3      | Killed Natasha
  2934 | D:3      | Reached skill level 1 in Stealth
  3128 | D:4      | Noticed a phantom
  3148 | D:4      | Killed a phantom
  3148 | D:4      | Reached XP level 6. HP: 45/51 MP: 5/5
  3248 | D:4      | Noticed an orc warrior
  3430 | D:4      | Found an opulent altar of Gozag.
  3542 | D:4      | Found an oddly glowing altar of Pakellas.
  3560 | D:4      | Reached skill level 6 in Crossbows
  3743 | D:4      | Found a bloodstained altar of Trog.
  3759 | D:4      | Killed an orc warrior
  3759 | D:4      | Reached XP level 7. HP: 57/57 MP: 6/6
  3871 | D:4      | Found a glowing golden altar of the Shining One.
  4753 | D:5      | Entered Level 5 of the Dungeon
  4753 | D:5      | Noticed Sigmund
  4800 | D:5      | Found an oddly glowing altar of Pakellas.
  4809 | D:5      | Reached skill level 7 in Crossbows
  5535 | D:5      | Found a staircase to the Ecumenical Temple.
  5545 | Temple   | Entered the Ecumenical Temple
  5658 | Temple   | Became a worshipper of Warmaster Okawaru
  5751 | D:5      | Reached skill level 8 in Crossbows
  5751 | D:5      | Reached XP level 8. HP: 64/64 MP: 7/7
  5827 | D:5      | Killed Sigmund
  5827 | D:5      | Reached * piety under Okawaru
  5857 | D:5      | Reached skill level 9 in Crossbows
  5917 | D:6      | Reached skill level 5 in Maces & Flails
  6406 | D:6      | Reached ** piety under Okawaru
  6406 | D:6      | Reached skill level 10 in Crossbows
  6542 | D:6      | Reached XP level 9. HP: 66/71 MP: 8/8
  6569 | D:6      | Noticed a brown ugly thing
  6591 | D:6      | Slain by a brown ugly thing

Skill      XL: |  1  2  3  4  5  6  7  8 |
---------------+-------------------------+-----
Crossbows      | 5 6 8 10 | 10.2
Armour         | 1 2 3 4 |  4.9
Maces & Flails | 1 2 3 4 5 |  5.5
Fighting       | 3 |  3.7
Dodging        | 3 4 |  4.9
Stealth        | 1 |  1.4

Action                   |  1- 3 |  4- 6 |  7- 9 || total
-------------------------+-------+-------+-------++-------
Melee: Club              |    85 |       |       ||    85
       Short sword       |     8 |       |       ||     8
       Headbutt          |    18 |    13 |     4 ||    35
       Mace              |     4 |    92 |     7 ||   103
       Flail             |       |       |    31 ||    31
 Fire: Hand crossbow     |     8 |    63 |   160 ||   231
Invok: Heroism           |       |       |     1 ||     1
Evoke: Wand              |       |     2 |       ||     2
  Use: Scroll            |       |       |     7 ||     7
       Potion            |       |       |     2 ||     2
 Stab: Distracted        |       |     1 |       ||     1
  Eat: Chunk             |     2 |     7 |     9 ||    18
Armor: Leather armour    |    26 |     7 |    26 ||    59
       Chain mail        |       |    49 |     7 ||    56
Dodge: Dodged            |    71 |    54 |    78 ||   203
